 Dungeon Crawl Stone Soup version 0.31-a0-152-g6aa68a64a1 (webtiles) character file.

Game seed: 13122418666071518518

336 qw the Shooter (level 6, -14/57 HPs)
             Began as a Naga Hunter on June 10, 2023.
             Demolished by a gnoll sergeant
             ... wielding a +1 trident of freezing
              (15 damage)
             ... on level 5 of the Dungeon.
             The game lasted 00:01:09 (3244 turns).

qw the Shooter (Naga Hunter)                        Turns: 3244, Time: 00:01:10

Health: -14/57     AC:  3    Str: 13    XL:     6   Next: 54%
Magic:  6/6        EV:  9    Int: 10    God:
Gold:   160        SH:  0    Dex: 16    Spells: 5/5 levels left

rFire   . . .        Y - +1 shortbow
rCold   . . .        (shield currently unavailable)
rNeg    . . .        c - +0 leather armour
rPois   +            (no helmet)
rElec   .            e - scarf {repulsion}
rCorr   .            (no gloves)
SInv    +            (no barding)
Will    +....        (no amulet)
Stlth   ++           f - ring of willpower
HPRegen 0.29/turn    (no ring)
MPRegen 0.10/turn

%: repel missiles
@: about to teleport, very slow
A: AC +2, large, see invisible, deformed body, poison resistance, slowness 2,
spit poison 1, naga tail 1
a: Spit Poison


You were on level 5 of the Dungeon.
You visited 1 branch of the dungeon, and saw 5 of its levels.

You collected 160 gold pieces.


Innate Abilities, Weirdness & Mutations

Your serpentine skin is tough. (AC +2)
You have supernaturally acute eyesight. (SInv)
Armour fits poorly on your strangely shaped body.
Your system is resistant to poisons. (rPois)
You cover ground very slowly.
You can spit poison.
You have a snake-like lower body.


   Skills:
 - Level 4.0 Fighting
 + Level 6.1 Ranged Weapons
 - Level 1.5 Dodging
 - Level 1.5 Stealth


You had 5 spell levels left.
You didn't know any spells.
Your spell library was empty.

Inventory:

Hand Weapons
 Y - a +1 shortbow (weapon)
Armour
 c - a +0 leather armour (worn)
 e - a scarf of repulsion (worn)
 l - a +0 cloak
Jewellery
 f - a ring of willpower (left hand)
Scrolls
 d - 2 scrolls of identify
Potions
 a - a potion of cancellation {unknown}
 g - a potion of curing {unknown}
 h - a potion of heal wounds

Dungeon Overview and Level Annotations

Branches:
Dungeon (5/15)
 Temple: D:4-7

Altars:
Cheibriados
Nemelex Xobeh
Sif Muna
Vehumet


Message History

A gnoll comes into view. It is wielding a +0 spear.
Your Fighting skill increases to level 4!
You shoot an arrow. The gnoll shouts!
The arrow hits the gnoll sergeant but does no damage.
You have got your breath back.
A gnoll comes into view. It is wielding a +0 flail.
3239 ||| INVOKING Spit Poison.
Aiming: Spit Poison (1% risk of failure)
Press: ? - help, Shift-Dir - straight line, f/p - gnoll sergeant The splash of poison hits the gnoll sergeant but does no damage.
The gnoll sergeant hits you from afar with a +1 trident of freezing.
The gnoll sergeant freezes you.
You shoot an arrow. The arrow hits the gnoll sergeant.
The gnoll sergeant is lightly wounded.
The gnoll sergeant hits you from afar with a +1 trident of freezing!
The gnoll sergeant freezes you.
You shoot an arrow. The arrow hits the gnoll sergeant.
The gnoll sergeant is lightly wounded.
You hear the slow rusting of a drain very nearby.
The gnoll sergeant hits you from afar with a +1 trident of freezing!
The gnoll sergeant freezes you.
You shoot an arrow. The arrow hits the gnoll.
The gnoll is heavily wounded.
The gnoll sergeant barely misses you. The gnoll hits you with a +0 club.
The gnoll sergeant hits you from afar with a +1 trident of freezing.
The gnoll sergeant freezes you. The gnoll completely misses you.
The gnoll hits you from afar with a +0 spear.
You shoot an arrow. The arrow barely misses the gnoll.
The arrow hits the gnoll.
The gnoll is moderately wounded.
The gnoll sergeant hits you from afar with a +1 trident of freezing!
The gnoll sergeant freezes you.
The gnoll hits you from afar with a +0 spear.
3244 ||| READING scroll of teleportation.
As you read the scroll of teleportation, it crumbles to dust.
You feel strangely unstable.
You have got your breath back.
The gnoll hits you with a +0 club.
The gnoll sergeant hits you from afar with a +1 trident of freezing!
You die...

#.# #.#? #++ #.# .#.
#~~ ..# ...##~~ #.#
### ..#~~~ #.#
....##g#~~~ #.#
#..gg##~%##.##########
#....g#~%#....#.......
#...@+##'.##.#.......
+....[...(...+.......
#............#.......
#....).........%.....
###.......)..........
######.......###+##
#.....<.# ##.#....#
#.+.....


You could see a gnoll sergeant and 3 gnolls.

Vanquished Creatures
  A hound (D:4)
  4 orc priests
  2 orc wizards
  2 gnolls
  3 adders
  2 river rats (D:5)
  An ufetubus (D:5)
  2 dart slugs (D:1)
  10 orcs
  3 bats (D:1)
  2 endoplasms
  4 giant cockroaches
  5 goblins
  4 hobgoblins
  3 jackals (D:4)
  3 quokkas
  9 ball pythons
  4 kobolds
  2 rats
66 creatures vanquished.

Notes
Turn   | Place    | Note
-------+----------+-------------------------------------------
     0 | D:1      | qw the Naga Hunter began the quest for the Orb.
     0 | D:1      | Reached XP level 1. HP: 19/19 MP: 1/1
     0 | D:1      | 0 ||| qw: Version: 0.2-a-29-gd901d54
     0 | D:1      | 0 ||| qw: Game counter: 3965
     0 | D:1      | 0 ||| qw: Always use a shield: true
     0 | D:1      | 0 ||| qw: God list: Okawaru
     0 | D:1      | 0 ||| qw: Allow faded altars: false
     0 | D:1      | 0 ||| qw: Do Orc after D:15 true
     0 | D:1      | 0 ||| qw: Do second Lair branch before Depths: true
     0 | D:1      | 0 ||| qw: Lair rune preference: random
     0 | D:1      | 0 ||| qw: Plans: Normal
     0 | D:1      | 0 ||| PLANNING D:1-11
    38 | D:1      | 38 ||| INVOKING Spit Poison.
    68 | D:1      | 68 ||| FLEEEEING.
    73 | D:1      | 73 ||| FLEEEEING.
    74 | D:1      | 74 ||| FLEEEEING.
    75 | D:1      | 75 ||| FLEEEEING.
    76 | D:1      | 76 ||| INVOKING Spit Poison.
    98 | D:1      | 98 ||| INVOKING Spit Poison.
   118 | D:1      | 118 ||| INVOKING Spit Poison.
   120 | D:1      | Reached skill level 4 in Ranged Weapons
   120 | D:1      | Reached XP level 2. HP: 22/26 MP: 2/2
   124 | D:1      | 124 ||| INVOKING Spit Poison.
   190 | D:1      | 190 ||| INVOKING Spit Poison.
   220 | D:1      | 220 ||| INVOKING Spit Poison.
   223 | D:1      | 223 ||| INVOKING Spit Poison.
   250 | D:1      | 250 ||| INVOKING Spit Poison.
   256 | D:1      | 256 ||| INVOKING Spit Poison.
   260 | D:1      | 260 ||| INVOKING Spit Poison.
   494 | D:1      | 494 ||| INVOKING Spit Poison.
   552 | D:1      | 552 ||| INVOKING Spit Poison.
   608 | D:1      | 608 ||| INVOKING Spit Poison.
   793 | D:1      | Found a faded altar of an unknown god.
   800 | D:1      | 800 ||| INVOKING Spit Poison.
   811 | D:1      | 811 ||| INVOKING Spit Poison.
   816 | D:1      | 816 ||| INVOKING Spit Poison.
   819 | D:1      | 819 ||| INVOKING Spit Poison.
   822 | D:1      | Reached XP level 3. HP: 32/32 MP: 3/3
   876 | D:1      | 876 ||| INVOKING Spit Poison.
   911 | D:1      | 911 ||| UPGRADING to +0 cloak.
   916 | D:1      | 916 ||| READING scroll labelled VOL GAHASA.
   917 | D:1      | 917 ||| READING scroll labelled ULYR QAUTOIVVIDD.
   921 | D:1      | 921 ||| READING 3 scrolls labelled KUTREU FABAOH.
   922 | D:1      | 922 ||| READING scroll labelled MAUTOG AWABO.
   923 | D:1      | 923 ||| READING scroll labelled MUL WEEZO UTU.
   924 | D:1      | 924 ||| READING scroll labelled HOOCYOF PINU.
   925 | D:1      | 925 ||| READING scroll labelled DETOKE DECU.
   926 | D:1      | 926 ||| DRINKING 2 fizzy pink potions.
   933 | D:1      | 933 ||| DROPPING scroll of butterflies.
   934 | D:1      | 934 ||| DROPPING potion of ambrosia.
   935 | D:1      | 935 ||| DROPPING 2 scrolls of noise.
   994 | D:2      | 994 ||| INVOKING Spit Poison.
  1126 | D:2      | 1126 ||| INVOKING Spit Poison.
  1254 | D:2      | 1254 ||| INVOKING Spit Poison.
  1263 | D:2      | 1263 ||| INVOKING Spit Poison.
  1564 | D:2      | 1564 ||| UPGRADING to ring of willpower.
  1565 | D:2      | 1565 ||| READING scroll labelled UCLOSI HOBOUPP.
  1566 | D:2      | 1566 ||| READING scroll labelled JAMUME XARUMABB.
  1567 | D:2      | 1567 ||| READING scroll labelled CECIGE UTOE.
  1579 | D:3      | 1579 ||| INVOKING Spit Poison.
  1600 | D:3      | 1600 ||| INVOKING Spit Poison.
  1646 | D:3      | 1646 ||| INVOKING Spit Poison.
  1647 | D:3      | Reached skill level 5 in Ranged Weapons
  1651 | D:3      | 1651 ||| INVOKING Spit Poison.
  1652 | D:3      | Reached XP level 4. HP: 39/39 MP: 4/4
  1748 | D:3      | 1748 ||| INVOKING Spit Poison.
  1761 | D:3      | Found a snail-covered altar of Cheibriados.
  1872 | D:3      | 1872 ||| UPGRADING to scarf of repulsion.
  1882 | D:3      | 1882 ||| INVOKING Spit Poison.
  1906 | D:3      | 1906 ||| READING scroll labelled NUOHAU PAES.
  1908 | D:3      | 1908 ||| INVOKING Spit Poison.
  1919 | D:3      | 1919 ||| READING 2 scrolls of identify.
  1919 | D:3      | 1919 ||| IDENTIFYING black potion
  1920 | D:3      | 1920 ||| DROPPING potion of brilliance.
  1921 | D:3      | 1921 ||| INVOKING Spit Poison.
  1949 | D:3      | 1949 ||| INVOKING Spit Poison.
  1955 | D:3      | 1955 ||| INVOKING Spit Poison.
  1958 | D:3      | Reached skill level 3 in Fighting
  1960 | D:3      | 1960 ||| INVOKING Spit Poison.
  1964 | D:3      | 1964 ||| INVOKING Spit Poison.
  1965 | D:3      | Reached XP level 5. HP: 32/49 MP: 5/5
  1970 | D:3      | 1970 ||| INVOKING Spit Poison.
  1974 | D:3      | 1974 ||| INVOKING Spit Poison.
  1977 | D:3      | 1977 ||| INVOKING Spit Poison.
  2309 | D:4      | 2309 ||| INVOKING Spit Poison.
  2310 | D:4      | 2310 ||| Stepping ~*~*~tactically~*~*~ (outnumbered).
  2314 | D:4      | 2314 ||| INVOKING Spit Poison.
  2349 | D:4      | Found a shimmering blue altar of Sif Muna.
  2429 | D:4      | 2429 ||| INVOKING Spit Poison.
  2551 | D:4      | 2551 ||| Stepping ~*~*~tactically~*~*~ (outnumbered).
  2553 | D:4      | 2553 ||| Stepping ~*~*~tactically~*~*~ (outnumbered).
  2555 | D:4      | 2555 ||| INVOKING Spit Poison.
  2557 | D:4      | 2557 ||| Stepping ~*~*~tactically~*~*~ (outnumbered).
  2560 | D:4      | 2560 ||| Stepping ~*~*~tactically~*~*~ (outnumbered).
  2561 | D:4      | 2561 ||| INVOKING Spit Poison.
  2567 | D:4      | 2567 ||| INVOKING Spit Poison.
  2570 | D:4      | 2570 ||| INVOKING Spit Poison.
  2572 | D:4      | Reached skill level 6 in Ranged Weapons
  2572 | D:4      | Reached XP level 6. HP: 18/56 MP: 6/6
  2573 | D:4      | HP: 14/56 [orc priest/+0 short sword (2)]
  2574 | D:4      | 2574 ||| READING scroll of teleportation.
  2752 | D:4      | 2752 ||| INVOKING Spit Poison.
  2817 | D:4      | Found a sparkling altar of Nemelex Xobeh.
  2823 | D:4      | 2823 ||| INVOKING Spit Poison.
  2835 | D:4      | 2835 ||| INVOKING Spit Poison.
  2847 | D:4      | 2847 ||| INVOKING Spit Poison.
  3037 | D:4      | 3037 ||| DRINKING 2 white potions.
  3047 | D:5      | Entered Level 5 of the Dungeon
  3048 | D:5      | 3048 ||| PLANNING SEWER
  3067 | D:5      | Found a radiant altar of Vehumet.
  3070 | D:5      | 3070 ||| INVOKING Spit Poison.
  3073 | D:5      | 3073 ||| INVOKING Spit Poison.
  3181 | D:5      | 3181 ||| INVOKING Spit Poison.
  3185 | D:5      | 3185 ||| INVOKING Spit Poison.
  3204 | D:5      | 3204 ||| INVOKING Spit Poison.
  3234 | D:5      | 3234 ||| INVOKING Spit Poison.
  3239 | D:5      | 3239 ||| INVOKING Spit Poison.
  3243 | D:5      | HP: 8/57 [gnoll sergeant/+1 trident of freezing (8)]
  3244 | D:5      | 3244 ||| READING scroll of teleportation.
  3244 | D:5      | HP: 1/57 [gnoll/+0 club[a gnoll sergeant] (3)]
  3244 | D:5      | Demolished by a gnoll sergeant

Levels and vault maps discovered:
D:1:      matt_arrival_refuge, layout_loops_corners, basic_ecumenical_altar,
          minmay_tetromino_l4
D:2:      layout_basic
D:3:      layout_rooms, general_overflow_altar, wad_orctagon
D:4:      layout_loops_cross, nemelex_diamond_rough_becter,
          mainiacjoe_overflow_six_doors_small
D:5:      layout_basic, nicolae_vehumet_radiance, gup_sewer_entry_bowl

Skill      XL: |  1  2  3  4  5  6 |
---------------+-------------------+-----
Ranged Weapons | 4 5 6 |  6.1
Fighting       | 3 4 |  4.0
Dodging        | |  1.5
Stealth        | |  1.5

Action                     |  1- 3 |  4- 6 || total
---------------------------+-------+-------++-------
   Fire: Shortbow          |    51 |    84 ||   135
Ability: Spit Poison       |    27 |    29 ||    56
    Use: Scroll            |    10 |     4 ||    14
         Potion            |     1 |     1 ||     2
 Armour: Leather armour    |     2 |     9 ||    11
  Dodge: Dodged            |    16 |    24 ||    40

Table legend:
 A = Non-vault XP
 B = Vault XP
 C = Vault XP percentage of total XP
 D = Non-vault monster count
 E = Vault monster count
 F = Vault count percentage of total count
                 A         B        C        D         E       F
            +---------+---------+-------+---------+---------+-------
      Total |     440 |      41 |   8.5 |      57 |       9 |  13.6
            +---------+---------+-------+---------+---------+-------
        D:1 |      46 |       3 |   6.1 |      18 |       3 |  14.3
        D:2 |      24 |       0 |   0.0 |       7 |       0 |   0.0
        D:3 |     138 |      12 |   8.0 |      14 |       4 |  22.2
        D:4 |     181 |       0 |   0.0 |      13 |       0 |   0.0
        D:5 |      51 |      26 |  33.8 |       5 |       2 |  28.6
            +---------+---------+-------+---------+---------+-------
